 Dungeon Crawl Stone Soup version 0.22-a0-305-gd21a89c (webtiles) character file.

1 ololoev the Firebug (level 1, 10/14 HPs)
             Began as a Ghoul Fire Elementalist on Mar 28, 2018.
             Quit the game on level 1 of the Dungeon.
             The game lasted 00:00:18 (67 turns).

ololoev the Firebug (Ghoul Fire Elementalist)         Turns: 67, Time: 00:00:19

Health: 10/14      AC:  2    Str: 11    XL:     1   Next: 20%
Magic:  0/2        EV: 12    Int: 10    God:
Gold:   28         SH:  0    Dex:  9    Spells: 2/3 levels left

rFire    . . .     SeeInvis .   (no weapon)
rCold    + . .     Gourm    .   (no shield)
rNeg     + + +     Faith    .   a - +0 robe
rPois    ∞         Spirit   .   (no helmet)
rElec    .         Reflect  .   (no cloak)
rCorr    .         Harm     .   (no gloves)
MR       .....                  (no boots)
Stlth    ++........             (no amulet)
HPRegen  0.00/turn              (no ring)
MPRegen  0.08/turn              (no ring)

@: very slightly contaminated, rotting
A: rotting body, claws 1, carnivore, cold resistance 1, negative energy
resistance 3, inhibited regeneration, torment resistance, unbreathing
a: no special abilities


Innate Abilities, Weirdness & Mutations

Your body is rotting away.
You thrive on raw meat.
You are immune to poison.
You have sharp fingernails.
You are carnivorous and can eat meat at any time.
Your flesh is cold resistant. (rC+)
You are immune to negative energy. (rN+++)
You do not regenerate when monsters are visible.
You are immune to unholy pain and torment.
You can survive without breathing.

Inventory:

Armour
 a - a +0 robe (worn)
Comestibles
 c - a ration


   Skills:
 + Level 0.1 Fighting
 + Level 0.1 Armour
 + Level 1.8 Dodging
 - Level 2.1 Stealth
 - Level 1.7 Spellcasting
 - Level 0.7 Conjurations
 - Level 2.4 Fire Magic


You had 2 spell levels left.
You knew the following spells:

 Your Spells              Type           Power        Failure   Level  Hunger
a - Flame Tongue          Conj/Fire      #....        17%         1    ##.....


You were on level 1 of the Dungeon.
You were not hungry.

You visited 1 branch of the dungeon, and saw 1 of its levels.

You collected 28 gold pieces.

.#####.### ..........
.. #..###### .# ##.#
.# ##.#### .# ......#
.# ##.##.######### .#
#.##.........###.#####
#.##########.#.@.....#
... ######....#g###.#
#.. #.........#.# #..
#.####...##.# #.
##.#####.## ..
#..##........# ##
#......#####...
##.##..# ##.# # #..#
.#

Notes
Turn   | Place    | Note
-------+----------+-------------------------------------------
     0 | D:1      | ololoev the Ghoul Fire Elementalist began the quest for the Orb.
     0 | D:1      | Reached XP level 1. HP: 14/14 MP: 2/2
    67 | D:1      | Quit the game

Dungeon Overview and Level Annotations

Branches:
Dungeon (1/15)

Altars:


Message History

Welcome, ololoev the Ghoul Fire Elementalist.
It is said that the Orb of Zot exists deep within this dungeon.
Press ? for a list of commands and other information.
Found a staircase leading out of the dungeon.
You open the door.
There is an open door here.
You open the door.
There is an open door here.
You now have 16 gold pieces.
You now have 28 gold pieces (gained 12).
A hobgoblin comes into view.
The hobgoblin shouts!
A hobgoblin is nearby!
A hobgoblin is nearby!
A hobgoblin is nearby!
A hobgoblin is nearby!
Casting: Flame Tongue (safe; 17% risk of failure)
Confirm with . or Enter, or press ? or * to list all spells.
Aiming: Flame Tongue (safe; 17% risk of failure)
Press: ? - help, Shift-Dir - straight line, f - hobgoblin
Aim: a hobgoblin You miscast Flame Tongue.
You are very lightly contaminated with residual magic.
Nothing appears to happen.
Casting: Flame Tongue (safe; 17% risk of failure)
Confirm with . or Enter, or press ? or * to list all spells.
Aiming: Flame Tongue (safe; 17% risk of failure)
Press: ? - help, Shift-Dir - straight line, f/p - hobgoblin
Aim: a hobgoblin The flame tongue hits the hobgoblin.
The hobgoblin is almost dead.
The hobgoblin hits you.
Casting: Flame Tongue (safe; 17% risk of failure)
Confirm with . or Enter, or press ? or * to list all spells.
Aiming: Flame Tongue (safe; 17% risk of failure)
Press: ? - help, Shift-Dir - straight line, f/p - hobgoblin
Aim: a hobgoblin (almost dead)
The flame tongue hits the hobgoblin.
You kill the hobgoblin!
A goblin comes into view. It is wielding a club.
The goblin shouts!
A goblin is nearby!
A goblin is nearby!
A goblin is nearby!
Are you sure you want to abandon this character and quit the game? (Confirm with "yes".)

You could see a goblin.

Vanquished Creatures
  A hobgoblin (D:1)
1 creature vanquished.

Action                   || total
-------------------------++-------
 Cast: Flame Tongue      ||     2

Vault maps used:
D:1:      minmay_arrival_four_houses, minmay_misc_feat_iff
